 Dungeon Crawl Stone Soup version 0.27.1-33-g824d729ab1 (webtiles) character file.

Game seed: 16497094899985550457

109 Robert the Scratcher (level 4, -1/18 HPs)
             Began as a Felid Wanderer on Dec 5, 2021.
             Was an Initiate of Qazlal.
             Slain by an orc (6 damage)
             ... on level 4 of the Dungeon.
             The game lasted 00:22:36 (3624 turns).

Robert the Scratcher (Felid Wanderer)               Turns: 3624, Time: 00:22:37

Health: -1/18      AC:  1    Str:  7    XL:     4   Next: 60%
Magic:  6/8        EV: 16    Int: 17    God:    Qazlal [......]
Gold:   185        SH:  0    Dex: 14    Spells: 3/7 levels left
                                        Lives:  0   Deaths: 1

rFire    . . .     SeeInvis +     - Unarmed
rCold    . . .     Faith    .   (shield unavailable)
rNeg     . . .     Spirit   .   (armour unavailable)
rPois    .         Reflect  .   (helmet unavailable)
rElec    .         Harm     .   (cloak unavailable)
rCorr    .         Rampage  .   (gloves unavailable)
Will     .....                  (boots unavailable)
Stlth    ++........             (no amulet)
HPRegen  0.06/turn              (no ring)
MPRegen  0.11/turn              (no ring)

@: quick
A: very small, claws 1, fangs 3, see invisible, speed 1, shaggy fur 1, stealthy
paws, no weapons or thrown items, no armour, multi-lived
a: Renounce Religion


You were on level 4 of the Dungeon.
You worshipped Qazlal.
Qazlal was noncommittal.
You visited 1 branch of the dungeon, and saw 4 of its levels.

You collected 185 gold pieces.

Inventory:

Missiles
 f - 7 stones
Scrolls
 c - a scroll of fear
 e - a scroll of amnesia
Potions
 a - a potion of degeneration
 b - a potion of magic {unknown}


   Skills:
 + Level 0.1 Fighting
 + Level 2.1 Dodging
 + Level 1.7 Stealth
 + Level 4.9 Unarmed Combat
 + Level 2.1 Spellcasting
 + Level 1.0 Fire Magic
 + Level 3.0 Earth Magic
 + Level 2.2 Evocations


You had 3 spell levels left.
You knew the following spells:

 Your Spells              Type           Power      Damage    Failure   Level
a - Sandblast             Erth           24%        2d8       5%          1
b - Stone Arrow           Conj/Erth      12%        3d7       30%         3

Your spell library contained the following spells:

 Spells                   Type           Power      Damage    Failure   Level


Dungeon Overview and Level Annotations

Branches:
Dungeon (4/15)
 Temple: D:4-7

Altars:
Qazlal
Sif Muna


Innate Abilities, Weirdness & Mutations

You have sharp claws.
You have razor-sharp teeth.
You have supernaturally acute eyesight. (SInv)
You cover ground quickly. (Speed+)
You are covered in fur. (AC +1)
Your paws help you pounce on unaware monsters.
You are incapable of wielding weapons or throwing items.
You cannot wear armour.
You gain extra lives every three experience levels.


Message History

You kill the hound!
Qazlal accepts your kill.
Things that are here:
a +1 flail of draining; a +0 leather armour; an orc corpse
Found 33 gold pieces.
An adder comes into view.
The adder hisses angrily.
You hear a shout! x3
Casting: Sandblast (safe; 6% risk of failure)
Confirm with . or Enter, or press ? or * to list all spells.
Aiming: Sandblast (safe; 6% risk of failure)
Press: ? - help, Shift-Dir - straight line, f - adder
Aim: an adder (66% to hit)
The blast of sand hits the adder.
The adder is heavily wounded.
You scratch the adder.
You kill the adder!
Qazlal accepts your kill.
An orc comes into view. It is wielding a +0 club.
Your Earth Magic skill increases to level 3!
Found 6 javelins.
The orc shouts!
An orc comes into view. It is wielding a +0 hand axe.
Casting: Sandblast (safe; 5% risk of failure)
Confirm with . or Enter, or press ? or * to list all spells.
Okay, then.
The orc shouts!
You scratch the orc.
The orc is lightly wounded.
The orc hits you with a +0 club.
An orc comes into view. It is wielding a +0 club.
You barely miss the orc.
The orc is lightly wounded.
The orc misses you.
You scratch the orc. Your bite misses the orc.
The orc is heavily wounded.
The orc hits you with a +0 club.
* * * LOW HITPOINT WARNING * * *
You hear the slow rusting of a very distant drain.
The orc hits you with a +0 hand axe.
You die...

### ..$ #... #..
.... ..# ... #.#
#.. #.# #..###.#
#...$..#####.#
##.###..@.o..#
#.......oo...(..
#..#####.#######
#..# #.# #..##
#.#
...###.).####.#
..............#
#######..######
#..#


You could see 3 orcs.

Vanquished Creatures
  A hound (D:4)
  Natasha (twice) (D:2)
  4 adders
  A worm (D:2)
  A dart slug (D:1)
  4 orcs
  7 ball pythons
  6 endoplasms
  A giant cockroach (D:1)
  6 goblins
  5 hobgoblins
  2 quokkas (D:2)
  5 bats
  2 frilled lizards (D:2)
  9 kobolds
  5 rats
61 creatures vanquished.

Notes
Turn   | Place    | Note
-------+----------+-------------------------------------------
     0 | D:1      | Robert the Felid Wanderer began the quest for the Orb.
     0 | D:1      | Robert set off with the following items: a scroll of
                  | blinking, a scroll of fear, a potion of curing; and the
                  | following spell memorised: Sandblast; and the following
                  | spells available to memorise: Stone Arrow
     0 | D:1      | Reached XP level 1. HP: 7/7 MP: 3/3
   251 | D:1      | Reached XP level 2. HP: 11/11 MP: 2/4
   975 | D:2      | Reached XP level 3. HP: 8/14 MP: 4/6
  1009 | D:2      | Learned a level 3 spell: Stone Arrow
  1781 | D:2      | Noticed Natasha
  1859 | D:2      | Killed Natasha
  1860 | D:2      | Reached XP level 4. HP: 10/18 MP: 2/7
  1909 | D:2      | Noticed Natasha
  2231 | D:2      | Killed Natasha
  2232 | D:2      | Reached skill level 1 in Stealth
  2728 | D:3      | Found a shimmering blue altar of Sif Muna.
  2832 | D:3      | Found a stormy altar of Qazlal.
  2889 | D:3      | Became a worshipper of Qazlal Stormbringer
  3198 | D:3      | Reached XP level 5. HP: 21/21 MP: 7/9
  3588 | D:4      | Slain by a hound
  3589 | D:4      | Reached XP level 4. HP: -1/27 MP: 5/8
  3624 | D:4      | Slain by an orc

Illustrated notes

Levels and vault maps discovered:
D:1:      psy_arrival_basics, layout_basic
D:2:      layout_basic, uniq_natasha
D:3:      layout_loops_ring, mainiacjoe_overflow_paths, amcnicky_altar_gilded,
          grunt_decor_mini_mirrors, minmay_misc_feat_tower,
          kennysheep_pointless_box
D:4:      layout_loops_ring, portal_sewer_entry_e, ebering_ghost_disaster_area

Skill      XL: |  1  2  3  4 |
---------------+-------------+-----
Earth Magic    | 2 3 |  3.0
Dodging        | 2 |  2.1
Stealth        | 1 |  1.7
Spellcasting   | 2 |  2.1
Fighting       | |  0.1
Unarmed Combat | |  4.9
Fire Magic     | |  1.0
Evocations     | |  2.2

Action                   |  1- 3 |  4- 6 || total
-------------------------+-------+-------++-------
Melee: Unarmed           |    64 |    34 ||    98
       Bite              |     1 |     6 ||     7
 Cast: Sandblast         |    26 |    29 ||    55
       Stone Arrow       |       |     3 ||     3
  Use: Scroll            |     6 |     2 ||     8
       Potion            |     2 |     2 ||     4
 Stab: Sleeping          |     1 |       ||     1
Armor: Skin              |     2 |     2 ||     4
Dodge: Dodged            |    49 |    16 ||    65
